 Dungeon Crawl Stone Soup version 0.32-a0-818-gb728d0252e (webtiles) character file.

Game seed: 6032852994133963928

42653 jasper the Severer (level 13, 0/183 HPs)
             Began as a Mountain Dwarf Berserker on Mar 24, 2024.
             Was a High Priest of Trog.
             Slain by a salamander
             ... wielding a +3 spear of flaming
              (5 damage)
             ... in a volcano.
             The game lasted 00:48:56 (19247 turns).

jasper the Severer (Mountain Dwarf Berserker)      Turns: 19247, Time: 00:48:56

Health: 0/183      AC: 28    Str: 25    XL:     13   Next: 86%
Magic:  13/13      EV:  8    Int:  8    God:    Trog [*****.]
Gold:   1353       SH:  0    Dex: 11    Spells: 12/12 levels left

rFire   + . .        V - +5 battleaxe
rCold   + . .        (shield currently unavailable)
rNeg    . . .        w - +4 plate armour
rPois   .            (no helmet)
rElec   .            A - +2 cloak of Gravity {rC++ Dex+2}
rCorr   +            (no gloves)
SInv    .            r - +2 pair of boots
Will    ++++.        P - amulet of regeneration Stlth
                     z - ring "Buem" {+Blink rF+ rC- Will+ rCorr}
HPRegen 2.30/turn    F - ring of resist corrosion
MPRegen 0.13/turn

%: no passive effects
@: berserking (expiring), strong-willed, regenerating, studying 3 skills, very
quick
A: runic magic, artefact enchanting
a: Renounce Religion, Evoke Blink, Berserk, Trog's Hand, Brothers in Arms


You were in a volcano.
You worshipped Trog.
Trog was extremely pleased with you.
You visited 2 branches of the dungeon, and saw 16 of its levels.
You also visited: Sewer, Bailey and Volcano.

You collected 1568 gold pieces.
You spent 215 gold pieces at shops.

Inventory:

Hand Weapons
 a - a +0 hand axe of electrocution
 B - a +0 heavy flail
 R - a +0 battleaxe
 V - a +5 battleaxe (weapon)
Missiles
 d - 173 stones (quivered)
 e - 41 poisoned darts
 o - 15 boomerangs
 Q - 2 curare-tipped darts
Armour
 b - a +0 animal skin
 f - a +0 ring mail
 r - a +2 pair of boots (worn)
 s - a +0 chain mail
 w - a +4 plate armour (worn)
 x - a scarf of shadows
 A - the +2 cloak of Gravity (worn) {rC++ Dex+2}
   (You found it on level 6 of the Dungeon)

   Dex+2:     It affects your dexterity (+2).
   rC++:      It greatly protects you from cold.
 I - a +0 kite shield
 T - a +1 pair of boots of rampaging
Jewellery
 i - a ring of protection from cold
 y - a +6 ring of strength
 z - the ring "Buem" (left hand) {+Blink rF+ rC- Will+ rCorr}
   (You found it on level 10 of the Dungeon)

   [ring of resist corrosion]

   rF+:       It protects you from fire.
   rC-:       It makes you vulnerable to cold.
   Will+:     It increases your willpower.
   +Blink:    It lets you blink.
   rCorr:     It protects you from acid and corrosion.
 D - a +4 ring of protection
 F - a ring of resist corrosion (right hand)
 P - an amulet of regeneration (around neck)
 S - a ring of ice
Wands
 n - a wand of flame (33)
 v - a wand of paralysis (4)
 O - a wand of mindburst (3)
Scrolls
 c - 8 scrolls of fear
 g - 7 scrolls of poison
 j - 2 scrolls of revelation
 m - 3 scrolls of butterflies
 q - a scroll of immolation
 t - a scroll of torment
 C - 6 scrolls of teleportation
 H - a scroll of blinking
 J - 4 scrolls of identify
 K - 3 scrolls of enchant armour
Potions
 h - a potion of invisibility
 k - 5 potions of might
 l - 5 potions of magic
 p - 4 potions of brilliance
 u - 4 potions of resistance
 E - 5 potions of curing
 M - 2 potions of mutation
 N - 2 potions of haste
Miscellaneous
 G - a phantom mirror
 L - a phial of floods
 U - a lightning rod (4/4)


   Skills:
 + Level 13.0 Fighting
 - Level 20.0 Axes
 + Level 15.2 Armour
 - Level 5.0 Dodging


You had 12 spell levels left.
You didn't know any spells.
Your spell library was empty.

Dungeon Overview and Level Annotations

Branches:
Dungeon (12/15)            Temple (0/1) D:4            Lair (4/5) D:8
  Swamp (0/4) Lair:3        Snake (0/4) Lair:2        Slime (0/5) Lair:4
    Orc (0/2) D:10          Sewer (visited)          Bailey (visited)
Volcano (1/1)

Altars:
Ashenzari
Cheibriados
Dithmenos
Elyvilon
Fedhas
Hepliaklqana
Makhleb
Okawaru
Qazlal
Vehumet
Wu Jian
Xom
Yredelemnul
Zin
Beogh
Jiyva

Shops:
D:4 ?

Portals:
Trove: D:10 (give +2 shadow dragon scales)


Innate Abilities, Weirdness & Mutations

Your spellcasting is much less encumbered by armour.
You can use scrolls of enchantment on lesser artefacts.


Message History

The centaur is almost dead.
You hit the salamander but do no damage.
You slash the hell hound!
You kill the hell hound!
Trog accepts your kill.
You slash the two-headed ogre!
You kill the two-headed ogre!
Trog accepts your kill. The centaur barely misses you.
The centaur kicks you but does no damage.
You regained 2 hp, and now have 41/183 hp.
You barely miss the salamander. You slash the centaur!
You kill the centaur!
Trog accepts your kill.
The salamander hits you with a +3 spear of flaming!
* * * LOW HITPOINT WARNING * * *
You are engulfed in flames.
You resist.
* * * LOW HITPOINT WARNING * * *
The salamander burns you.
* * * LOW HITPOINT WARNING * * *
You take 14 damage, and have 27/183 hp.
You slice the salamander!!
The salamander is heavily wounded.
You slash the salamander!
The salamander is heavily wounded.
The salamander hits you with a +3 spear of flaming!
* * * LOW HITPOINT WARNING * * *
You are engulfed in flames.
You resist.
* * * LOW HITPOINT WARNING * * *
The salamander burns you.
* * * LOW HITPOINT WARNING * * *
You take 11 damage, and have 17/183 hp.
You slash the salamander!
The salamander is severely wounded.
You barely miss the salamander.
The salamander is severely wounded.
The salamander hits you with a +3 spear of flaming!
* * * LOW HITPOINT WARNING * * *
You are engulfed in flames.
You resist.
You die...

.~~≈≈≈≈
##.~.≈≈≈≈≈
..~~≈≈≈≈≈
..~.~≈≈≈≈ ###
..~~≈≈≈≈≈
##..##.~~~≈≈≈≈
#.!.†#.~~≈≈≈≈≈
#..)@'.~.≈≈≈≈≈
#.)N)#.~~≈≈≈≈≈
§.##[.##.~≈≈≈≈≈≈
≈§§####...≈~≈≈≈≈
§........~.~≈≈≈≈
§.........≈~≈≈≈≈
§######.#~~~≈≈≈≈
##..'##≈≈≈≈≈≈≈
#.#### ≈≈≈≈≈≈≈


You could see a salamander.

Vanquished Creatures
  Fannar (Lair:1)
  3 hydras
  2 catoblepae
  5 boulder beetles
  4 two-headed ogres
  A tengu warrior (D:11)
  5 death yaks
  A skyshark (Lair:2)
  An orc knight (D:10)
  2 ugly things (D:10)
  A manticore (D:11)
  A cyclops (D:10)
  2 salamanders
  5 elephants (Lair:3)
  A black mamba (Lair:3)
  A rust devil (D:12)
  A gargoyle (D:10)
  5 cane toads
  A torpor snail (Lair:3)
  2 kobold demonologists (D:11)
  An unseen horror (D:10)
  4 rime drakes
  A komodo dragon (Lair:2)
  A troll (D:10)
  5 polar bears
  3 hellwings (D:12)
  A hornet (D:10)
  A centaur simulacrum (D:10)
  11 dream sheep
  7 blink frogs (Lair:1)
  3 shadows
  A water elemental (D:11)
  Sigmund (D:6)
  3 wraiths
  A basilisk (Lair:4)
  A warg (D:10)
  3 wyverns
  43 yaks
  A fire bat (Volcano)
  2 steam dragons
  2 vampire mosquitoes (D:10)
  Edmund (D:4)
  An acid dragon (D:11)
  4 hell hounds
  11 water moccasins
  An ice beast (D:6)
  A swamp drake (Lair:3)
  A sky beast (D:7)
  3 black bears
  An ogre (D:6)
  Pargi (Sewer)
  6 orc warriors
  4 centaurs
  8 bullfrogs
  A brain worm (Sewer)
  2 gnoll sergeants
  5 kobold brigands
  A scorpion (D:7)
  6 killer bees
  4 electric eels
  4 howler monkeys
  3 lava snakes (Lair:2)
  2 bombardier beetles
  2 crimson imps (D:12)
  3 iron imps (D:12)
  6 hounds
  4 orc priests
  2 gnoll boudas
  2 sleepcaps
  5 iguanas
  7 orc wizards
  3 hell rats
  23 gnolls
  5 adders
  10 river rats
  5 shadow imps
  3 white imps
  7 ufetubi
  A ribbon worm (D:3)
  2 dart slugs
  44 orcs
  9 endoplasms
  2 giant cockroaches (D:1)
  9 goblins
  6 hobgoblins
  7 jackals
  22 kobolds
  3 quokkas
  13 ball pythons
  4 bats
  3 frilled lizards (Sewer)
  5 rats
429 creatures vanquished.

Vanquished Creatures (collateral kills)
  An orc wizard (D:11)
  2 hell rats (D:12)
  A shadow imp (D:12)
  An ufetubus (D:12)
5 creatures vanquished.

Vanquished Creatures (others)
  An orc wizard (D:5)
  A shadow imp (D:12)
  An orc (D:7)
3 creatures vanquished.

Grand Total: 437 creatures vanquished

Notes
Turn   | Place    | Note
-------+----------+-------------------------------------------
     0 | D:1      | jasper the Mountain Dwarf Berserker began the quest for the
                  | Orb.
     0 | D:1      | Reached XP level 1. HP: 19/19 MP: 1/1
   205 | D:1      | Reached skill level 4 in Axes
   326 | D:1      | Reached XP level 2. HP: 12/26 MP: 2/2
  1111 | D:2      | Noticed a bombardier beetle
  1118 | D:2      | Reached skill level 5 in Axes
  1118 | D:2      | Reached XP level 3. HP: 31/31 MP: 3/3
  1739 | D:3      | Reached skill level 6 in Axes
  1739 | D:3      | Reached XP level 4. HP: 33/38 MP: 4/4
  1849 | D:3      | Found a glowing drain.
  1863 | Sewer    | Entered a sewer
  2005 | Sewer    | Noticed Pargi
  2019 | Sewer    | Killed Pargi
  2020 | Sewer    | Reached skill level 7 in Axes
  2020 | Sewer    | Reached XP level 5. HP: 45/45 MP: 5/5
  2071 | Sewer    | Reached skill level 8 in Axes
  2531 | D:2      | Reached ** piety under Trog
  2929 | D:2      | Reached XP level 6. HP: 30/51 MP: 6/6
  3554 | D:4      | Noticed Edmund
  3665 | D:4      | Found a staircase to the Ecumenical Temple.
  3793 | D:5      | Entered Level 5 of the Dungeon
  4291 | D:5      | Reached skill level 9 in Axes
  4320 | D:5      | Found a hazy altar of Hepliaklqana.
  4478 | D:5      | Reached XP level 7. HP: 57/57 MP: 7/7
  4638 | D:5      | Found a basalt altar of Yredelemnul.
  4638 | D:5      | Found a blossoming altar of Fedhas.
  4646 | D:5      | Found a radiant altar of Vehumet.
  4648 | D:5      | Found an iron altar of Okawaru.
  4650 | D:5      | Found an ornate altar of the Wu Jian Council.
  4770 | D:5      | Found a snail-covered altar of Cheibriados.
  4850 | D:5      | Reached skill level 10 in Axes
  5174 | D:6      | Noticed Sigmund
  5179 | D:6      | Killed Sigmund
  5185 | D:6      | Reached skill level 11 in Axes
  5386 | D:6      | Reached XP level 8. HP: 63/63 MP: 8/8
  5436 | D:6      | Reached skill level 12 in Axes
  5865 | D:6      | Reached skill level 13 in Axes
  6087 | D:6      | Identified the +2 cloak of Gravity {rC++ Dex+2}
  6427 | D:4      | Killed Edmund
  6485 | D:4      | Found Gastenic's Magic Scroll Shoppe.
  6490 | D:4      | Bought a scroll of poison for 40 gold pieces
  6490 | D:4      | Bought a scroll of teleportation for 30 gold pieces
  6490 | D:4      | Bought a scroll of revelation for 75 gold pieces
  6490 | D:4      | Bought a scroll of teleportation for 30 gold pieces
  6490 | D:4      | Bought a scroll of identify for 20 gold pieces
  6490 | D:4      | Bought a scroll of identify for 20 gold pieces
  7043 | D:7      | Reached skill level 14 in Axes
  7277 | D:7      | Reached XP level 9. HP: 66/70 MP: 9/9
  7298 | D:7      | Found a broken altar of Ashenzari.
  7349 | D:7      | Found a white marble altar of Elyvilon.
  7398 | D:7      | Reached *** piety under Trog
  7459 | D:7      | Identified a scroll of acquirement
  7459 | D:7      | Acquired 590 gold pieces
  7570 | D:7      | Reached skill level 5 in Fighting
  7638 | D:7      | Found a shadowy altar of Dithmenos.
  8240 | D:8      | Noticed a two-headed ogre
  8253 | D:8      | Killed a two-headed ogre
  8438 | D:8      | Found a burning altar of Makhleb.
  8443 | D:8      | Found a glowing silver altar of Zin.
  8443 | D:8      | Noticed a green death
  8443 | D:8      | Noticed an angel
  8498 | D:8      | Found a staircase to the Lair.
  9471 | D:9      | Reached XP level 10. HP: 93/93 MP: 10/10
  9833 | D:9      | Reached skill level 10 in Fighting
  9846 | D:9      | Found a shimmering altar of Xom.
 10269 | D:10     | Entered Level 10 of the Dungeon
 10331 | D:10     | Found a flagged portal.
 10364 | Bailey   | Entered a bailey
 11037 | D:10     | Noticed a gargoyle
 11058 | D:10     | Killed a gargoyle
 11468 | D:10     | Found a staircase to the Orcish Mines.
 11476 | D:10     | Found a portal to a secret trove of treasure.
 11593 | D:10     | Found a roughly hewn altar of Beogh.
 11595 | D:10     | Reached **** piety under Trog
 11685 | D:11     | Reached skill level 5 in Armour
 12047 | D:11     | HP: 2/93 [drowned by a water elemental (9)]
 12256 | D:12     | Noticed a rust devil
 12282 | D:12     | Killed a rust devil
 12539 | D:11     | Reached skill level 10 in Armour
 12539 | D:11     | Reached XP level 11. HP: 99/99 MP: 11/11
 12611 | D:11     | Noticed a tengu warrior
 12631 | D:11     | Found an ornate altar of the Wu Jian Council.
 12637 | D:11     | Killed a tengu warrior
 13064 | D:11     | Noticed a boulder beetle
 13084 | D:11     | Killed a boulder beetle
 13687 | Lair:1   | Entered Level 1 of the Lair of Beasts
 13756 | Lair:1   | Found a transporter.
 13758 | Lair:1   | Found a transporter.
 13759 | Lair:1   | Noticed a boulder beetle
 13773 | Lair:1   | Reached skill level 5 in Dodging
 13813 | Lair:1   | Noticed Fannar
 13855 | Lair:1   | Killed Fannar
 14012 | Lair:1   | Reached skill level 15 in Axes
 14137 | Lair:1   | Noticed a seven-headed hydra
 14145 | Lair:1   | Killed a seven-headed hydra
 14269 | Lair:1   | Reached skill level 16 in Axes
 14895 | Lair:1   | Killed a boulder beetle
 15010 | Lair:1   | Reached XP level 12. HP: 101/106 MP: 12/12
 15038 | Lair:2   | Noticed a catoblepas
 15066 | Lair:1   | Killed a catoblepas
 15099 | Lair:2   | Noticed a boulder beetle
 15133 | Lair:1   | Killed a boulder beetle
 15134 | Lair:1   | Reached skill level 17 in Axes
 15437 | Lair:2   | Noticed a five-headed hydra
 15447 | Lair:2   | Killed a five-headed hydra
 15448 | Lair:2   | Reached skill level 18 in Axes
 15557 | Lair:2   | Acquired a manual of Armour
 15943 | Lair:2   | Found a stormy altar of Qazlal.
 16001 | Lair:2   | Found a staircase to the Snake Pit.
 16369 | Lair:3   | Noticed a death yak
 16369 | Lair:3   | Noticed a death yak
 16369 | Lair:3   | Noticed a death yak
 16369 | Lair:3   | Noticed a death yak
 16369 | Lair:3   | Noticed a death yak
 16375 | Lair:2   | Killed a death yak
 16560 | D:10     | Noticed a boulder beetle
 16583 | D:10     | Reached skill level 19 in Axes
 16628 | D:10     | Killed a boulder beetle
 16779 | D:10     | Noticed a catoblepas
 16807 | D:10     | Killed a catoblepas
 16850 | D:10     | Identified the +4 scale mail of Taowo {+Blink rC+}
 16864 | D:10     | Identified the ring "Buem" {+Blink rF+ rC- Will+ rCorr}
 16873 | D:10     | Paralysed by a hornet for 1 turns
 16922 | D:10     | Reached skill level 20 in Axes
 16926 | D:10     | Noticed a two-headed ogre
 16930 | D:10     | Killed a two-headed ogre
 17052 | D:10     | Identified the +7 spear "Quonk" {protect, Str+3}
 17090 | D:10     | Noticed a boulder beetle
 17100 | D:10     | Reached XP level 13. HP: 114/114 MP: 13/13
 17287 | D:10     | Reached ***** piety under Trog
 17740 | Lair:3   | Found a staircase to the Swamp.
 18820 | Lair:4   | Found a viscous altar of Jiyva.
 18820 | Lair:4   | Found a staircase to the Slime Pits.
 19062 | Lair:4   | Received a gift from Trog
 19187 | Lair:4   | Reached skill level 15 in Armour
 19190 | Lair:4   | Found a dark tunnel.
 19198 | Volcano  | Entered a volcano
 19247 | Volcano  | HP: 5/183 [salamander/+3 spear of flaming (14)]
 19247 | Volcano  | Slain by a salamander

Illustrated notes

Levels and vault maps discovered:
D:1:      ebering_trefoil_3fold, layout_basic, minmay_crystal_room
D:2:      layout_basic
D:3:      layout_rooms, cheibrodos_sewer_entry_sluice
D:4:      layout_basic, minmay_temple_entry_trees, serial_shops, shop,
          roderic_nine_men_s_morris, uniq_edmund
D:5:      cheibrodos_helix_gallery, layout_basic,
          chequers_temple_overflow_minitemple, mainiacjoe_overflow_paths,
          lemuel_crystal_altar
D:6:      layout_rooms, serial_glass, glass_columns_a, glass_columns_b,
          uniq_sigmund
D:7:      layout_basic, mainiacjoe_overflow_brackets, elyvilon_altar_3,
          nicolae_dithmenos_the_darkroom, kennysheep_donut
D:8:      layout_cave_pools, grunt_temple_overflow_order_and_chaos_2,
          lair_entry_dummy, minmay_misc_feat_encased
D:9:      layout_irregular_city, overflow_temple_1_default, serial_rivers,
          chequers_serial_rivers_large_b, chequers_serial_rivers_micro_e,
          chequers_serial_rivers_small_3, chequers_serial_rivers_micro_a,
          chequers_garden
D:10:     minmay_the_grid_3x3 [minmay_the_grid_holed_spiral,
          minmay_the_grid_diamond_grid, minmay_the_grid_armoury,
          minmay_the_grid_all_tris, minmay_the_grid_minigrid_medium,
          minmay_the_grid_gridbox, minmay_the_grid_aliased_spiral,
          minmay_the_grid_minigrid_small_alt, minmay_the_grid_prize_trominoes],
          layout_basic, minmay_orc_entry_temple_small, enter_bailey_3,
          nicolae_trove_entry_free_sample
D:11:     layout_layer_cave, portal_ice_cave_rime, serial_bayou,
          serial_bayou_ford_a, serial_bayou_pond_e, serial_bayou_pond_b,
          serial_bayou_pond_d, nicolae_wu_jian_glorious_leap
D:12:     kennysheep_tiny_hell, layout_rooms, serial_rivers,
          chequers_serial_rivers_micro_c, chequers_serial_rivers_marsh,
          chequers_serial_rivers_micro_b, chequers_serial_rivers_small_b,
          chequers_serial_rivers_room_b
Lair:1:   gammafunk_boulding_lane, layout_regular_city, serial_bayou_shore_a,
          serial_bayou_shore_b, uniq_fannar
Lair:2:   layout_cave_pods, nicolae_snake_entry_warm_welcome, basic_altar,
          cheibrodos_lair_lostbears, lemuel_fruit_tree
Lair:3:   layout_gridlike, minmay_swamp_entry_reptiles
Lair:4:   gammafunk_cloud_chamber, layout_gridlike, dpeg_slime_entry_enclosed,
          nicolae_volcano_entry_hallway, minivault_26, kennysheep_rathole,
          grunt_megastairs_2
Volcano:  volcano_village

Skill      XL: |  1  2  3  4  5  6  7  8  9 10 11 12 13 |
---------------+----------------------------------------+-----
Axes           | 4 5 6 7 8 9 11 14 16 20 | 20.0
Fighting       | 9 10 13 | 13.0
Armour         | 10 15 | 15.2
Dodging        | 5 |  5.0

Action                     |  1- 3 |  4- 6 |  7- 9 | 10-12 | 13-15 || total
---------------------------+-------+-------+-------+-------+-------++-------
  Melee: Hand axe          |   111 |   159 |   321 |   338 |       ||   929
         War axe           |       |       |       |    15 |       ||    15
         Battleaxe         |       |       |       |   387 |   282 ||   669
         Flail             |       |       |       |    10 |     6 ||    16
  Throw: Stone             |     3 |     9 |     9 |     2 |       ||    23
 Invoke: Berserk           |     2 |     1 |     4 |     9 |     1 ||    17
         Trog's Hand       |       |       |     7 |     7 |     2 ||    16
         Brothers in Arms  |       |       |       |     1 |       ||     1
  Evoke: Wand              |       |       |     2 |    17 |       ||    19
         Phantom mirror    |       |       |       |     1 |       ||     1
    Use: Scroll            |     1 |    11 |     9 |     6 |       ||    27
         Potion            |       |       |     2 |     8 |       ||    10
   Stab: Invisible         |       |       |     4 |       |       ||     4
         Paralysed         |       |       |       |     8 |       ||     8
         Distracted        |       |       |       |     1 |     1 ||     2
 Armour: Animal skin       |    53 |       |       |       |       ||    53
         Ring mail         |     2 |    70 |       |       |       ||    72
         Chain mail        |       |    34 |    47 |       |       ||    81
         Plate armour      |       |       |   178 |   848 |   313 ||  1339
  Dodge: Dodged            |    49 |    70 |    76 |   266 |   117 ||   578

Table legend: (Time is in decaauts)
 A = Elapsed time spent in this place.
 B = Non-inter-level travel time spent in this place.
 C = Inter-level travel time spent in this place.
 D = Time resting spent in this place.
 E = Time spent auto-exploring this place.
 F = Levels seen in this place.
 G = Mean time per level.
                   A        B        C        D        E       F      G
               +--------+--------+--------+--------+--------+-----+--------+
         Total |  19089 |  17877 |   1212 |   3763 |   6100 |  19 | 1004.7 |
       Dungeon |  13980 |  12989 |    991 |   2973 |   4213 |  12 | 1165.0 |
          Lair |   4194 |   3974 |    220 |    566 |   1475 |   4 | 1048.5 |
         Sewer |    354 |    354 |      0 |     61 |    160 |   1 |  354.0 |
        Bailey |    516 |    516 |      0 |    162 |    222 |   1 |  516.0 |
       Volcano |     42 |     42 |      0 |      0 |     30 |   1 |   42.0 |
               +--------+--------+--------+--------+--------+-----+--------+

Top non-repeatable levels by time:
    D:10: 1887 daAuts
    D:11: 1608 daAuts
  Lair:1: 1398 daAuts
     D:5: 1397 daAuts
  Lair:2: 1352 daAuts
     D:7: 1319 daAuts
     D:9: 1230 daAuts
     D:1: 1206 daAuts
     D:6: 1137 daAuts
     D:4: 1074 daAuts
  Lair:3: 1025 daAuts
     D:8: 1002 daAuts
     D:2: 924 daAuts
     D:3: 844 daAuts
  Bailey: 516 daAuts
